 Dungeon Crawl Stone Soup version 0.21.1-1-g345015f (webtiles) character file.

144 tidbits the Grave Robber (level 5, 14/37 HPs)
             Began as a Gnoll Necromancer on June 18, 2018.
             Quit the game on level 4 of the Dungeon.
             The game lasted 00:08:04 (604 turns).

tidbits the Grave Robber (Gnoll Necromancer)         Turns: 604, Time: 00:08:04

Health: 14/37      AC:  2    Str: 10    XL:     5   Next: 27%
Magic:  8/12       EV: 20    Int: 19    God:
Gold:   139        SH:  0    Dex: 15    Spells: 6/14 levels left

rFire    . . .     SeeInvis .   c - 4 rations
rCold    . . .     Gourm    .   (no shield)
rNeg     + . .     Faith    .   g - +0 robe
rPois    .         Spirit   .   (no helmet)
rElec    .         Reflect  .   (no cloak)
rCorr    .         Harm     .   (no gloves)
MR       .....                  (no boots)
Stlth    +++.......             (no amulet)
HPRegen  0.12/turn              V - +5 ring of evasion
MPRegen  0.13/turn              i - ring of positive energy

@: no status effects
A: distributed training, fangs 1, strong nose
a: no special abilities


You were on level 4 of the Dungeon.
You were not hungry.

You visited 1 branch of the dungeon, and saw 5 of its levels.

You collected 139 gold pieces.

Inventory:

Hand Weapons
 a - a +2 whip of draining
   (You took it off a kobold on level 1 of the Dungeon)
 e - a +0 spear
Missiles
 d - 56 arrows
 m - 15 bolts
Armour
 g - a +0 robe (worn)
 k - a +0 shield
 l - a +0 ring mail
Jewellery
 i - a ring of positive energy (right hand)
   (You found it on level 3 of the Dungeon)
 V - a +5 ring of evasion (left hand)
   (You found it on level 2 of the Dungeon)
Scrolls
 f - 2 scrolls of amnesia {unknown}
 n - a scroll of teleportation {unknown}
 o - a scroll of magic mapping {unknown}
Books
 b - a book of Necromancy

   Spells                             Type                      Level
   a - Pain                           Necromancy                   1
   b - Animate Skeleton               Necromancy                   1
   c - Vampiric Draining              Necromancy                   3
   d - Regeneration                   Charms/Necromancy            3
   e - Animate Dead                   Necromancy                   4
   f - Borgnjor's Vile Clutch         Necromancy/Earth             5
 j - a book of Maledictions
   (You found it on level 3 of the Dungeon)

   Spells                             Type                      Level
   a - Corona                         Hexes                        1
   b - Ensorcelled Hibernation        Hexes/Ice                    2
   c - Confuse                        Hexes                        3
   d - Tukima's Dance                 Hexes                        3
   e - Dazzling Spray                 Conjuration/Hexes            3
Comestibles
 c - 4 rations (in hand)


   Skills:
 + Level 1.4 Fighting
 + Level 1.4 Short Blades
 + Level 1.4 Long Blades
 + Level 1.4 Axes
 + Level 1.4 Maces & Flails
 + Level 1.4 Polearms
 + Level 1.4 Staves
 + Level 1.4 Slings
 + Level 1.4 Bows
 + Level 1.4 Crossbows
 + Level 1.4 Throwing
 + Level 1.4 Armour
 + Level 4.7 Dodging
 + Level 4.3 Stealth
 + Level 1.4 Shields
 + Level 1.4 Unarmed Combat
 + Level 5.1 Spellcasting
 + Level 1.1 Conjurations
 + Level 1.1 Hexes
 + Level 1.1 Charms
 + Level 1.1 Summonings
 + Level 7.2 Necromancy
 + Level 1.1 Translocations
 + Level 1.1 Transmutations
 + Level 1.1 Fire Magic
 + Level 1.1 Ice Magic
 + Level 1.1 Air Magic
 + Level 1.1 Earth Magic
 + Level 1.1 Poison Magic
 + Level 1.5 Invocations
 + Level 1.4 Evocations


You had 6 spell levels left.
You knew the following spells:

 Your Spells              Type           Power        Failure   Level  Hunger
a - Pain                  Necr           ####         1%          1    None
d - Vampiric Draining     Necr           ####......   1%          3    ##.....
n - Animate Skeleton      Necr           N/A          1%          1    None
r - Regeneration          Chrm/Necr      ###.......   7%          3    ##.....


Dungeon Overview and Level Annotations

Branches:
Dungeon (5/15)
 Temple: D:4-7

Altars:
Gozag
Hepliaklqana
Ru


Innate Abilities, Weirdness & Mutations

Your experience applies equally to all skills.
You have very sharp teeth.
Your uncanny sense of smell can sniff out nearby items.


Message History

The orc wizard points at you and mumbles some strange words.
The magic dart hits you!
Casting: Pain
Confirm with . or Enter, or press ? or * to list all spells.
Aiming: Pain
Press: ? - help, Shift-Dir - straight line, f - orc wizard
Aim: an orc wizard, wielding a dagger and wearing a robe (almost dead, fast, chance to defeat MR: 84%)
The orc wizard writhes in agony!
Casting: Pain
Confirm with . or Enter, or press ? or * to list all spells.
Aiming: Pain
Press: ? - help, Shift-Dir - straight line, f/p - orc wizard
Aim: an orc wizard, wielding a dagger and wearing a robe (almost dead, fast, chance to defeat MR: 84%)
The orc wizard writhes in agony!
You kill the orc wizard!
What are your orders? t - Creak!
Orders for allies: a - Attack new target. r - Retreat! s - Stop attacking. g - Guard the area. f - Follow me.
Anything else - Cancel.
You creak for attention!
Wield which item (- for none, * to show all)? (? for menu, Esc to quit)
Okay, then.
Adjust (i)tems, (s)pells, or (a)bilities?
Adjust which item? (? for menu, Esc to quit)
Okay, then.
Unknown command.
Wield which item (- for none, * to show all)? (? for menu, Esc to quit)
c - 4 rations (in branch)
You swing at nothing.
HP restored.
You swing at nothing.
You swing at nothing.
A centaur comes into view.
Throwing (i - inventory):
h - 4 stones (quivered)
Press: ? - help, Shift-Dir - straight line, f - centaur
Aim: a centaur (hasn't noticed you)
You throw a stone. The centaur shouts!
The stone hits the centaur but does no damage.
Your transformation is almost over.
The centaur wields a shortbow.
The centaur shoots an arrow.
The arrow hits you but does no damage.
The centaur shoots an arrow.
The arrow hits you but does no damage.
Throwing (i - inventory):
h - 3 stones (quivered)
Press: ? - help, Shift-Dir - straight line, f/p - centaur
Aim: a centaur, wielding a shortbow You throw a stone.
The stone hits the centaur.
The centaur is lightly wounded.
The centaur shoots an arrow.
The arrow hits you but does no damage.
Throwing (i - inventory):
h - 2 stones (quivered)
Press: ? - help, Shift-Dir - straight line, f/p - centaur
Aim: a centaur, wielding a shortbow (lightly wounded)
You throw a stone.
The stone hits the centaur but does no damage.
The centaur is lightly wounded.
The centaur shoots an arrow.
The arrow hits you.
Throwing (i - inventory):
h - a stone (quivered)
Press: ? - help, Shift-Dir - straight line, f/p - centaur
Aim: a centaur, wielding a shortbow You throw a stone.
The stone hits the centaur but does no damage.
The centaur shoots an arrow.
The arrow hits you.
The centaur shoots an arrow.
The arrow hits you.
Firing (i - inventory): No suitable missiles.
Press: ? - help, Shift-Dir - straight line, f/p - centaur
Aim: a centaur, wielding a shortbow
Okay, then.
Unknown command.
You swing at nothing.
The centaur shoots an arrow.
The arrow hits you!
You swing at nothing.
The centaur shoots an arrow.
The arrow hits you.
The centaur shoots an arrow.
The arrow hits you.
You swing at nothing.
The centaur shoots an arrow.
The arrow hits you but does no damage.
The centaur shoots an arrow.
The arrow hits you but does no damage.
A worker ant zombie comes into view.
You swing at nothing.
You feel less wooden.
Your +0 robe unmelds from your body.
The centaur shoots an arrow.
The arrow completely misses you.
The centaur shoots an arrow.
The arrow hits you!
* * * LOW HITPOINT WARNING * * *
Things that are here:
an arrow; an adder corpse A bullfrog zombie comes into view.
There is a stone staircase leading up here.
The worker ant zombie closely misses you.
You climb upwards.
The phantom hits you.
* * * LOW HITPOINT WARNING * * *
There is a stone staircase leading down here.
Unknown command.
Unknown command.
You open the door.
An orc comes into view. It is wielding a flail.
The phantom barely misses you.
A worker ant and 3 orcs come into view.
Found a centaur barding.
There is an open door here.
Are you sure you want to abandon this character and quit the game? (Confirm with "yes".)

...........#......#.....#.....#
...........#+##...####### ....#
####+###......#...##....## ....
+.....o#...........
#......#...........
#..o...#..>........
#o.....#...#######+
#......#...## #o.....@W...#
#......###+## ∆ #...... #......
#...... ∆ .....[. .......
......a


You could see a phantom, a worker ant (sleeping) and 4 orcs.

Vanquished Creatures
  2 orc wizards (D:5)
  4 adders
  A dart slug (D:5)
  A leopard gecko (D:2)
  4 orcs
  5 bats
  4 giant cockroaches
  3 goblins
  7 hobgoblins
  2 jackals (D:3)
  7 kobolds
  2 frilled lizards (D:1)
  5 rats
47 creatures vanquished.

Notes
Turn   | Place    | Note
-------+----------+-------------------------------------------
     0 | D:1      | tidbits the Gnoll Necromancer began the quest for the Orb.
     0 | D:1      | Reached XP level 1. HP: 13/13 MP: 6/6
    37 | D:1      | Reached XP level 2. HP: 9/19 MP: 0/7
   112 | D:2      | Found a hazy altar of Hepliaklqana.
   278 | D:1      | Reached XP level 3. HP: 6/25 MP: 9/9
   283 | D:1      | Learned a level 3 spell: Regeneration
   287 | D:1      | Learned a level 1 spell: Animate Skeleton
   291 | D:1      | Learned a level 3 spell: Vampiric Draining
   343 | D:2      | Reached skill level 5 in Spellcasting
   363 | D:3      | Reached skill level 1 in Invocations
   378 | D:3      | Reached skill level 1 in Fighting
   378 | D:3      | Reached skill level 1 in Short Blades
   378 | D:3      | Reached skill level 1 in Long Blades
   378 | D:3      | Reached skill level 1 in Axes
   378 | D:3      | Reached skill level 1 in Maces & Flails
   378 | D:3      | Reached skill level 1 in Polearms
   378 | D:3      | Reached skill level 1 in Staves
   378 | D:3      | Reached skill level 1 in Slings
   378 | D:3      | Reached skill level 1 in Bows
   378 | D:3      | Reached skill level 1 in Crossbows
   378 | D:3      | Reached skill level 1 in Throwing
   378 | D:3      | Reached skill level 1 in Armour
   378 | D:3      | Reached skill level 1 in Shields
   378 | D:3      | Reached skill level 1 in Unarmed Combat
   378 | D:3      | Reached skill level 1 in Evocations
   378 | D:3      | Reached XP level 4. HP: 31/32 MP: 1/11
   472 | D:3      | Found a sacrificial altar of Ru.
   505 | D:4      | Found an opulent altar of Gozag.
   506 | D:4      | Noticed a phantom
   559 | D:5      | Entered Level 5 of the Dungeon
   575 | D:5      | Reached skill level 1 in Conjurations
   575 | D:5      | Reached skill level 1 in Hexes
   575 | D:5      | Reached skill level 1 in Charms
   575 | D:5      | Reached skill level 1 in Summonings
   575 | D:5      | Reached skill level 1 in Translocations
   575 | D:5      | Reached skill level 1 in Transmutations
   575 | D:5      | Reached skill level 1 in Fire Magic
   575 | D:5      | Reached skill level 1 in Ice Magic
   575 | D:5      | Reached skill level 1 in Air Magic
   575 | D:5      | Reached skill level 1 in Earth Magic
   575 | D:5      | Reached skill level 1 in Poison Magic
   580 | D:5      | Reached XP level 5. HP: 37/37 MP: 6/12
   588 | D:5      | Noticed a centaur
   604 | D:4      | Quit the game

Skill      XL: |  1  2  3  4 |
---------------+-------------+-----
Spellcasting   | 5 |  5.1
Invocations    | 1 |  1.5
Fighting       | 1 |  1.4
Short Blades   | 1 |  1.4
Long Blades    | 1 |  1.4
Axes           | 1 |  1.4
Maces & Flails | 1 |  1.4
Polearms       | 1 |  1.4
Staves         | 1 |  1.4
Slings         | 1 |  1.4
Bows           | 1 |  1.4
Crossbows      | 1 |  1.4
Throwing       | 1 |  1.4
Armour         | 1 |  1.4
Shields        | 1 |  1.4
Unarmed Combat | 1 |  1.4
Evocations     | 1 |  1.4
Conjurations   | 1 |  1.1
Hexes          | 1 |  1.1
Charms         | 1 |  1.1
Summonings     | 1 |  1.1
Translocations | 1 |  1.1
Transmutations | 1 |  1.1
Fire Magic     | 1 |  1.1
Ice Magic      | 1 |  1.1
Air Magic      | 1 |  1.1
Earth Magic    | 1 |  1.1
Poison Magic   | 1 |  1.1
Dodging        | |  4.7
Stealth        | |  4.3
Necromancy     | |  7.2

Action                   |  1- 3 |  4- 6 || total
-------------------------+-------+-------++-------
Melee: Spear             |     1 |       ||     1
       Whip              |    21 |    38 ||    59
       Bite              |     2 |     2 ||     4
Throw: Stone             |       |     4 ||     4
 Cast: Pain              |    37 |    11 ||    48
       Regeneration      |     1 |     1 ||     2
  Use: Potion            |     2 |     1 ||     3
 Stab: Sleeping          |     3 |     1 ||     4
Armor: Robe              |     4 |     1 ||     5
       Skin              |       |    39 ||    39
Dodge: Dodged            |    25 |    32 ||    57

Table legend:
 A = Turns spent in this place as a percentage of turns spent in the entire game.
 B = Non-inter-level travel turns spent in this place as a percentage of non-inter-level travel turns spent in the entire game.
 C = Inter-level travel turns spent in this place as a percentage of turns spent in this place.
 D = Turns resting spent in this place as a percentage of non-inter-level travel turns spent in this place.
 E = Turns spent auto-exploring this place as a percentage of non-inter-level travel turns spent in this place.
 F = Non-inter-level travel turns spent in this place divided by the number of levels of this place that you've seen.
                   A       B       C       D       E      F
               +-------+-------+-------+-------+-------+----------------------
         Total | 100.0 | 100.0 |   0.0 |   0.0 |   0.0 | 120.8
       Dungeon | 100.0 | 100.0 |   0.0 |   0.0 |   0.0 | 120.8
               +-------+-------+-------+-------+-------+----------------------

Table legend:
 A = Kills in this place as a percentage of kills in entire the game.
 B = Kills by you in this place as a percentage of kills by you in the entire game.
 C = Kills by friends in this place as a percentage of kills by friends in the entire game.
 D = Other kills in this place as a percentage of other kills in the entire game.
 E = Experience gained in this place as a percentage of experience gained in the entire game.
 F = Experience gained in this place divided by the number of levels of this place that you have seen.
                   A       B       C       D       E      F
               +-------+-------+-------+-------+-------+----------------------
         Total | 100.0 | 100.0 |   N/A |   N/A | 100.0 |  41.4
       Dungeon | 100.0 | 100.0 |   N/A |   N/A | 100.0 |  41.4
               +-------+-------+-------+-------+-------+----------------------

Vault maps used:
D:1:      mrwooster_arrival_statue_2
D:2:      yredelemnul_altar_generic, nicolae_overflow_hidden_temple,
          old_standard_altar, uniq_terence
D:3:      overflow_temple_1_default, zin_academy, portal_sewer_entry_a,
          first_ration, lemuel_tele_altar, uniq_grinder, uniq_robin
D:4:      kennysheep_mini_moat, lemuel_coloured_pillars_altar,
          chequers_temple_overflow_statue_of_worship, kennysheep_nondescript
D:5:      minmay_hollow_rounded_squares
